 Dungeon Crawl Stone Soup version 0.31-a0-819-gf6de2f5ab6 (webtiles) character file.

Game seed: 6912956708563081908

253 croobank the Sneak (level 6, 0/43 HPs)
             Began as an Octopode Delver on Sept 25, 2023.
             Slain by a gnoll
             ... wielding a +0 flail
             ... led by a gnoll bouda
              (7 damage)
             ... on level 5 of the Dungeon.
             The game lasted 00:03:59 (752 turns).

croobank the Sneak (Octopode Delver)                 Turns: 752, Time: 00:04:00

Health: 0/43       AC:  1    Str: 11    XL:     6   Next: 14%
Magic:  6/6        EV: 14    Int: 15    God:
Gold:   31         SH:  0    Dex: 13    Spells: 5/5 levels left

rFire   . . .        a - +0 short sword
rCold   . . .        (no shield)
rNeg    . . .        (helmet restricted)
rPois   .            (no amulet)
rElec   .            (no ring)
rCorr   .            (no ring)
SInv    .            (no ring)
Will    .....        (no ring)
Stlth   +++++        (no ring)
HPRegen 0.27/turn    (no ring)
MPRegen 0.10/turn    (no ring)
                     (no ring)

%: no passive effects
@: mighty
A: almost no armour, amphibious, 8 rings, camouflage 1, gelatinous body 1,
(nimble swimmer 1), tentacles
a: no special abilities


You were on level 5 of the Dungeon.
You visited 1 branch of the dungeon, and saw 2 of its levels.

You collected 31 gold pieces.

Inventory:

Hand Weapons
 a - a +0 short sword (weapon)
Wands
 f - a wand of digging (2)
Scrolls
 b - a scroll of fog
 c - a scroll of revelation


   Skills:
 + Level 4.2 Fighting
 + Level 3.5 Short Blades
 + Level 3.5 Dodging
 + Level 7.9 Stealth


You had 5 spell levels left.
You didn't know any spells.
Your spell library was empty.

Dungeon Overview and Level Annotations

Branches:
Dungeon (6/15)
 Temple: D:4-7

Altars:
Makhleb


Innate Abilities, Weirdness & Mutations

You cannot wear most types of armour.
You are amphibious.
You can wear up to eight rings at the same time.
Your skin changes colour to match your surroundings (Stealth+).
Your rubbery body absorbs attacks. (AC +1, EV +1)
((You are camouflaged when in or above water. (Stealth+)))
You have tentacles for arms and can constrict up to eight enemies at once.


Message History

The gnoll shouts! x2
You hit the gnoll bouda. You grab the gnoll bouda. You squeeze the gnoll bouda.
The gnoll bouda is heavily wounded.
You constrict the gnoll bouda, but do no damage.
You hear an angry hiss.
You hit the gnoll bouda.
The gnoll bouda is heavily wounded.
You constrict the gnoll bouda, but do no damage.
The gnoll bouda hits you with a +0 club!
You hit the gnoll bouda.
The gnoll bouda is severely wounded.
You constrict the gnoll bouda, but do no damage.
The gnoll bouda hits you with a +0 club.
The air fills with toxic fumes!
As you read the scroll of poison, it crumbles to dust.
You constrict the gnoll bouda, but do no damage.
The gnoll bouda hits you with a +0 club.
The gnoll hits you with a +0 flail!
You hit the gnoll bouda but do no damage.
The gnoll bouda is severely wounded.
You constrict the gnoll bouda, but do no damage.
The gnoll bouda hits you with a +0 club!
* * * LOW HITPOINT WARNING * * *
The gnoll barely misses you.
You hit the gnoll bouda but do no damage.
The gnoll bouda is severely wounded.
You constrict the gnoll bouda, but do no damage.
The gnoll bouda misses you. The gnoll hits you with a +0 flail.
* * * LOW HITPOINT WARNING * * *
You aren't carrying any potions.
Aiming: Dig
Press: ? - help, Shift-Dir - straight line A rock wall.
The rock shatters into small pieces.
You constrict the gnoll bouda, but do no damage.
The gnoll is no longer moving quickly.
The gnoll bouda barks out a call to the hunt!
The gnoll picks up the pace!
The gnoll hits you with a +0 flail!
You die...

####....###.##..#.......#...####'
...'....#....#§§#§§§§§§§#...#....
...#....#....#§§#§§§§§§§#'###....
+###....#######§#§§§§§§§.........
.........§§§§§§§§§§§§§§§.........
.........§§§§§§§§§§§§§§§.........
.........§§§§§§§§§§§§§§§.........
.........§§§§§§§§§§§§§§§.....####
.........§§§§§§§@g§§§§§§.....+
.##############.#g§g§§§§.....# .#
#.##g§§§§§§.....# .# #.#
#g§§§§§§.....# .#
##.####g§§§§§§.....# .#
##.....#§§§§§§§###### .#
#......'§§§§§§§# .#
.......#§§§§§§§# .#
########.......#


You could see a gnoll bouda and 5 gnolls.

Vanquished Creatures
  A water moccasin (D:5)
  A bullfrog (D:6)
  2 hounds
  3 adders (D:5)
7 creatures vanquished.

Notes
Turn   | Place    | Note
-------+----------+-------------------------------------------
     0 | D:5      | croobank the Octopode Delver began the quest for the Orb.
     0 | D:5      | Reached XP level 1. HP: 16/16 MP: 1/1
     2 | D:6      | Noticed a bullfrog
     3 | D:6      | Noticed a hound
     9 | D:6      | Killed a hound
    10 | D:6      | Reached skill level 7 in Stealth
    10 | D:6      | Reached XP level 2. HP: 7/21 MP: 2/2
    10 | D:6      | Reached XP level 3. HP: 9/26 MP: 3/3
    90 | D:6      | Killed a bullfrog
    91 | D:6      | Reached XP level 4. HP: 30/33 MP: 4/4
   214 | D:5      | Noticed a water moccasin
   232 | D:5      | Killed a water moccasin
   233 | D:5      | Reached XP level 5. HP: 8/37 MP: 5/5
   553 | D:5      | Found a burning altar of Makhleb.
   570 | D:5      | Reached XP level 6. HP: 29/43 MP: 6/6
   752 | D:5      | Slain by a gnoll

Illustrated notes

Levels and vault maps discovered:
D:5:      layout_gridville, mainiacjoe_overflow_alcove_1,
          ebering_ghost_reflecting_pool
D:6:      layout_loops_ring, marbit_many_paths, serial_glass, glass_columns_a,
          glass_columns_a, sigmund_army

Skill      XL: |  1  2  3  4 |
---------------+-------------+-----
Stealth        | 7 |  7.9
Fighting       | 4 |  4.2
Short Blades   | 3 |  3.5
Dodging        | 3 |  3.5

Action                     |  1- 3 |  4- 6 || total
---------------------------+-------+-------++-------
  Melee: Short sword       |    10 |    30 ||    40
         Tentacles         |     2 |     8 ||    10
         Constrict         |     2 |     6 ||     8
  Evoke: Wand              |       |     1 ||     1
    Use: Scroll            |       |     3 ||     3
         Potion            |       |     2 ||     2
   Stab: Sleeping          |     1 |       ||     1
 Armour: Skin              |     4 |    16 ||    20
  Dodge: Dodged            |     7 |    21 ||    28

Table legend: (Time is in decaauts)
 A = Elapsed time spent in this place.
 B = Non-inter-level travel time spent in this place.
 C = Inter-level travel time spent in this place.
 D = Time resting spent in this place.
 E = Time spent auto-exploring this place.
 F = Levels seen in this place.
 G = Mean time per level.
                   A        B        C        D        E       F      G
               +--------+--------+--------+--------+--------+-----+--------+
         Total |    728 |    728 |      0 |    348 |     99 |   2 |  364.0 |
       Dungeon |    728 |    728 |      0 |    348 |     99 |   2 |  364.0 |
               +--------+--------+--------+--------+--------+-----+--------+

Top non-repeatable levels by time:
     D:5: 618 daAuts
     D:6: 109 daAuts
